Match 28613204
Unlisted

Match 28613204
End
Selects Italian Coastal Battlegroup
Selects Coastal Reserves
Coastal Reserve
Construct Infanterie Kompanie
Coastal Reserve
Coastal Reserve
GrW 34 Mortar Team
Selects Artillery Officer
Medical Station
Artillery Officer
Selects Support Bunkers
Construct Luftwaffe Kompanie
Support Elements
Selects Rapid Fortifications
Marder III M Tank Destroyer
Marder III M Tank Destroyer
GrW 34 Mortar Team
Rapid Fortifications
Selects Bulwark
Darwi
Capitan-Nascimento
FolMaster
BlueSquire
Androphyte
TidaL
0
0

Comments sign in to comment!

No comments posted yet!